 Dungeon Crawl Stone Soup version 0.27-a0-216-g1fbed8a51c (webtiles) character file.

Game seed: 12904478068729720360

30 puppykicker the Ducker (level 3, 0/21 HPs)
             Began as a Deep Elf Gladiator on Feb 1, 2021.
             Slain by a gnoll
             ... wielding a +0 flail
              (5 damage)
             ... on level 2 of the Dungeon.
             The game lasted 00:03:32 (828 turns).

puppykicker the Ducker (Deep Elf Gladiator)          Turns: 828, Time: 00:03:33

Health: 0/21       AC:  5    Str: 11    XL:     3   Next: 5%
Magic:  6/6        EV: 14    Int: 13    God:
Gold:   47         SH:  0    Dex: 16    Spells: 4/4 levels left

rFire    . . .     SeeInvis .   a - +0 trident
rCold    . . .     Faith    .   (no shield)
rNeg     . . .     Spirit   .   e - +0 leather armour
rPois    .         Reflect  .   c - +0 helmet
rElec    .         Harm     .   (no cloak)
rCorr    .         Rampage  .   f - +0 pair of gloves
Will     .....                  (no boots)
Stlth    +.........             (no amulet)
HPRegen  0.07/turn              (no ring)
MPRegen  0.10/turn              (no ring)

@: no status effects
A: no striking features
a: no special abilities


You were on level 2 of the Dungeon.
You visited 1 branch of the dungeon, and saw 2 of its levels.

You collected 47 gold pieces.

Inventory:

Hand Weapons
 a - a +0 trident (weapon)
 b - a +0 hunting sling
Missiles
 j - 8 poisoned darts (quivered)
 Q - 65 stones
Armour
 c - a +0 helmet (worn)
 e - a +0 leather armour (worn)
 f - a +0 pair of gloves (worn)
Scrolls
 h - 2 scrolls of noise {!r}
 k - a scroll of amnesia
 t - 2 scrolls of teleportation


   Skills:
 + Level 1.8 Fighting
 * Level 2.5 Polearms
 - Level 2.0 Throwing
 + Level 0.6 Armour
 + Level 3.9 Dodging
 + Level 1.2 Spellcasting


You had 4 spell levels left.
You didn't know any spells.
Your spell library was empty.

Dungeon Overview and Level Annotations

Branches:
Dungeon (2/15)

Altars:


Message History

Press: ? - help, Shift-Dir - straight line, f/p - gnoll
Aim: a gnoll (64% to hit)
You throw a throwing net.
The throwing net barely misses the gnoll. x2
The gnoll closely misses you.
Fire/throw which item? (* to show all) (? for menu, Esc to quit)
Throw: throwing net
Press: ? - help, Shift-Dir - straight line, f/p - gnoll
Aim: a gnoll (64% to hit)
You throw a throwing net.
The throwing net barely misses the gnoll.
The throwing net hits the gnoll.
The gnoll is caught in the net!
The gnoll struggles against the net.
Throw: 9 darts (poison)
Press: ? - help, Q - select action, (/) - cycle Shift-Dir - straight line, f/p - gnoll
Aim: a gnoll (entangled in a net, 93% to hit)
You throw a poisoned dart. The poisoned dart hits the gnoll.
The gnoll is poisoned.
The gnoll struggles against the net.
The gnoll hits you with a +0 flail.
You die...

#.##....(......
#....((....#
###..##....#
#....#..<).#
#.##.#.....# +.
#.#.#.#.# #
#.#...#.#
#.#####.#
#.@g).g(#
#####.........
#.........
#.........
#......#..
#.........
#......#..
#......#..


You could see 2 gnolls.

Levels and vault maps discovered:
D:1:      beargit_arrival_greenhouse, layout_basic
D:2:      layout_basic, grunt_temple_overflow_open, lemuel_old_faithful,
          uniq_jessica

Notes
Turn   | Place    | Note
-------+----------+-------------------------------------------
     0 | D:1      | puppykicker the Deep Elf Gladiator began the quest for the
                  | Orb.
     0 | D:1      | Reached XP level 1. HP: 12/12 MP: 3/3
    17 | D:1      | Identified a +0 pair of gloves (You found it on level 1 of
                  | the Dungeon)
    87 | D:1      | Identified a +0 club
   385 | D:1      | Identified a +0 hunting sling (You found it on level 1 of
                  | the Dungeon)
   386 | D:1      | Identified a +0 trident
   425 | D:1      | Reached XP level 2. HP: 17/17 MP: 4/4
   757 | D:1      | Identified 3 scrolls of teleportation
   758 | D:1      | Identified 2 scrolls of identify
   758 | D:1      | Identified a scroll of amnesia
   759 | D:1      | Identified a scroll of random uselessness
   760 | D:1      | Identified 2 scrolls of noise
   776 | D:2      | Identified a +2 vorpal spear
   780 | D:2      | Identified a +0 spear
   784 | D:2      | Identified a +0 flail
   788 | D:2      | Reached skill level 1 in Spellcasting
   789 | D:2      | HP: 2/17 [gnoll/+0 spear (5)]
   803 | D:2      | Reached XP level 3. HP: 3/21 MP: 6/6
   828 | D:2      | Slain by a gnoll

Table legend: (Time is in decaauts)
 A = Elapsed time spent in this place.
 B = Non-inter-level travel time spent in this place.
 C = Inter-level travel time spent in this place.
 D = Time resting spent in this place.
 E = Time spent auto-exploring this place.
 F = Levels seen in this place.
 G = Mean time per level.
                   A        B        C        D        E       F      G
               +--------+--------+--------+--------+--------+-----+--------+
         Total |    831 |    816 |     15 |    196 |    487 |   2 |  415.5 |
       Dungeon |    831 |    816 |     15 |    196 |    487 |   2 |  415.5 |
               +--------+--------+--------+--------+--------+-----+--------+

Top non-repeatable levels by time:
     D:1: 780 daAuts
     D:2: 50 daAuts

Table legend:
 A = Kills in this place as a percentage of kills in entire the game.
 B = Kills by you in this place as a percentage of kills by you in the entire game.
 C = Kills by friends in this place as a percentage of kills by friends in the entire game.
 D = Other kills in this place as a percentage of other kills in the entire game.
 E = Experience gained in this place as a percentage of experience gained in the entire game.
 F = Experience gained in this place divided by the number of levels of this place that you have seen.
                   A       B       C       D       E      F
               +-------+-------+-------+-------+-------+----------------------
         Total | 100.0 | 100.0 |   N/A |   N/A | 100.0 |  22.0
       Dungeon | 100.0 | 100.0 |   N/A |   N/A | 100.0 |  22.0
               +-------+-------+-------+-------+-------+----------------------

Skill      XL: |  1  2 |
---------------+-------+-----
Spellcasting   | 1 |  1.2
Fighting       | |  1.8
Polearms       | |  2.5
Throwing       | |  2.0
Armour         | |  0.6
Dodging        | |  3.9

Action                   || total
-------------------------++-------
Melee: Trident           ||    30
Throw: Dart              ||    12
       Throwing net      ||     5
  Use: Scroll            ||     4
Armor: Leather armour    ||     9
Dodge: Dodged            ||    21

Vanquished Creatures
  2 gnolls (D:2)
  A leopard gecko (D:1)
  A goblin (D:1)
  2 hobgoblins (D:1)
  2 ball pythons (D:1)
  2 bats (D:1)
  A rat (D:1)
11 creatures vanquished.
